 Dungeon Crawl Stone Soup version 0.20.1-1-g8b1a95d (webtiles) character file.

56 Irenicus the Chopper (level 3, 0/33 HPs)
             Began as a Deep Dwarf Berserker on Nov 1, 2017.
             Was a Follower of Trog.
             Slain by an adder (4 damage)
             ... on level 2 of the Dungeon.
             The game lasted 00:03:30 (1404 turns).

Irenicus the Chopper (Deep Dwarf Berserker)         Turns: 1404, Time: 00:03:33

Health: 0/33       AC:  5    Str: 20    XL:     3   Next: 71%
Magic:  3/3        EV: 12    Int:  7    God:    Trog [*.....]
Gold:   16         SH:  0    Dex: 11    Spells: 2/2 levels left

rFire    . . .     SeeInvis .   a - +0 hand axe
rCold    . . .     Gourm    .   (no shield)
rNeg     . . .     Faith    .   f - +0 leather armour
rPois    .         Spirit   .   (no helmet)
rElec    .         Reflect  .   n - scarf {repulsion}
rCorr    .         Harm     .   (no gloves)
MR       ++...                  (no boots)
Stlth    +.........             (no amulet)
Regen    1.0/turn               (no ring)
MPRegen  0.1/turn               (no ring)

@: non-regenerating, repel missiles
A: damage resistance, heal wounds, icy blue scales 1, clumsy 1, sense
surroundings 1, no regeneration
a: Heal Wounds, Berserk, Burn Spellbooks, Renounce Religion


You were on level 2 of the Dungeon.
You worshipped Trog.
Trog was aware of your devotion.
You were hungry.

You visited 1 branch of the dungeon, and saw 2 of its levels.

You collected 16 gold pieces.

Inventory:

Hand Weapons
 a - a +0 hand axe (weapon)
Armour
 f - a +0 leather armour (worn)
 n - a scarf of repulsion (worn)
Scrolls
 b - a scroll of noise {unknown}
 d - 2 scrolls of enchant weapon {unknown}
 e - a scroll of immolation {unknown}
 h - a scroll of enchant armour {unknown}
 i - 2 scrolls of identify {unknown}
 k - a scroll of fog {unknown}
 m - a scroll of blinking {unknown}
Potions
 g - a potion of flight
 o - a potion of curing {unknown}
Comestibles
 c - a bread ration
 j - 4 chunks of flesh


   Skills:
 - Level 2.6 Fighting
 + Level 5.2 Axes
 - Level 2.1 Armour
 - Level 2.1 Dodging


You had 2 spell levels left.
You didn't know any spells.

Dungeon Overview and Level Annotations

Branches:
Dungeon (2/15)

Altars:


Innate Abilities, Weirdness & Mutations

You are resistant to damage.
You can heal yourself by infusing magical energy.
You passively map a small area around you.
You do not regenerate.
You are partially covered in icy blue scales. (AC +2)
You are clumsy. (Dex -2)


Message History

There is a stone staircase leading down here.
Found a mace.
Found an escape hatch in the ceiling.
You see here a mace.
You feel yourself speed up.
You recover from your berserk rage.
You open the door.
A frilled lizard comes into view.
The frilled lizard hisses angrily.
An adder and a quokka come into view.
The adder closely misses you.
Found 11 gold pieces and a scroll labeled ONAYMAS URAOLEU.
An adder and a giant cockroach come into view.
There is an open door here.
Your skin crawls.
You feel resistant to hostile enchantments.
You are feeling hungry.
You can no longer call upon Trog for regeneration and protection from hostile enchantments.
The adder bites you.
You die...

, ....#
#.......# * ,
.....##.......#
......#.......#
, ,
≈≈≈...##......#
, ,
..s....#.#.####
, ..≈r...###)# ≈
$.≈..l.###.#
≈.≈....S.#.# ,
.......#@#.#####
.......#..<....#
* ,
......##.#.###.#
* ....?##....#
#.# #####
#..#####.# ,
#........#
#.######## * #.
, ***#.*


You could see an adder, a quokka, a giant cockroach and a frilled lizard.

Vanquished Creatures
  3 adders (D:2)
  A giant cockroach (D:1)
  5 goblins (D:1)
  3 hobgoblins (D:2)
  6 jackals
  2 ball pythons (D:1)
  2 bats (D:1)
  3 frilled lizards (D:1)
  2 kobolds
  2 rats
29 creatures vanquished.

Notes
Turn   | Place    | Note
-------+----------+-------------------------------------------
     0 | D:1      | Irenicus the Deep Dwarf Berserker began the quest for the Orb.
     0 | D:1      | Reached XP level 1. HP: 20/20 MP: 1/1
   349 | D:1      | Reached XP level 2. HP: 21/27 MP: 2/2
   353 | D:1      | Reached skill level 4 in Axes
  1211 | D:2      | Reached XP level 3. HP: 8/33 MP: 3/3
  1303 | D:2      | Gained mutation: You are clumsy. (Dex -2) [potion of mutation]
  1303 | D:2      | Gained mutation: You are partially covered in icy blue scales. (AC +2) [potion of mutation]
  1307 | D:2      | Reached skill level 5 in Axes
  1347 | D:2      | Reached ** piety under Trog
  1404 | D:2      | Slain by an adder

Skill      XL: |  1  2  3 |
---------------+----------+-----
Axes           | 4 5 |  5.2
Fighting       | |  2.6
Armour         | |  2.1
Dodging        | |  2.1

Action                   || total
-------------------------++-------
Melee: Hand axe          ||   105
Invok: Berserk           ||     2
       Trog's Hand       ||     1
  Use: Potion            ||     3
  Eat: Chunk             ||     3
Armor: Animal skin       ||     6
       Leather armour    ||    16
Dodge: Dodged            ||    71
